AoeStats
← augustopgrave

Arabia

504338595Analyzed
1v1 RM · 28d ago on Sep 4, 2026· 41m 27s· 2 players
Game mode
Random Map
Map size
Tiny (2 player)
Population
200
Speed
Normal
Resources
Standard
Victory
Conquest
Starting age
Dark Age
Ending age
Imperial Age
RankedLock teamsTeams togetherTeam positionsShared explorationLock speedFull tech treeHidden civsTurbo modeCheats
Victory
Defeat
🇦🇷 Saracens · Argentina
678
+17
🇧🇷 Britons · Brazil
705
-29
IMMDEATHH
10:51 Feudal Age
11:17 Double-Bit Axe
11:13 Horse Collar
19:40 Castle Age
19:21 Stone Mining
20:23 Heavy Plow
20:35 Bow Saw
20:19 Gold Mining
22:16 Gold Shaft Mining
23:16 Forging
23:21 Scale Barding Armor
34:06 Husbandry
34:18 Bloodlines
augustopgrave
14:10 Feudal Age
23:27 Double-Bit Axe
25:15 Wheelbarrow
25:07 Horse Collar
33:49 Castle Age
Connection lost

Rejoining the realm…

Still unreachable

The connection could not be restored.

Session expired

The server has moved on; the page needs a fresh start.